 Dungeon Sprint DCSS version 0.20-a0-809-gaf7f668 (webtiles) character file.

179 Kidiri the Thaumaturge (level 5, -6/32 HPs)
             Began as a Deep Elf Fire Elementalist on Mar 3, 2017.
             Was an Initiate of Vehumet.
             Killed from afar by a deep elf mage (38 damage)
             ... with a bolt of cold
             ... in the Dungeon (Sprint III: "The Ten Rune Challenge").
             The game lasted 00:05:21 (429 turns).

Kidiri the Thaumaturge (Deep Elf Fire Elementalist)  Turns: 429, Time: 00:05:21

Health: -6/32      AC:  3    Str:  5    XL:     5   Next: 32%
Magic:  17/17      EV: 15    Int: 21    God:    Vehumet [......]
Gold:   21         SH:  0    Dex: 15    Spells: 2/20 levels left

rFire    . . .     SeeInvis .   j - +1 dagger
rCold    . . .     Gourm    .   a - +0 robe
rNeg     . . .     Faith    .   (no shield)
rPois    .         Spirit   .   (no helmet)
rElec    .         Reflect  .   (no cloak)
rCorr    .         Harm     .   (no gloves)
MR       .....     NoTele   +   (no boots)
Stlth    ++........             (no amulet)
Regen    0.5/turn               (no ring)
MPRegen  0.2/turn               (no ring)

@: no status effects
A: rugged brown scales 1, mutation resistance 1, regeneration 1
a: Renounce Religion


You were in the Dungeon.
You worshipped Vehumet.
Vehumet was noncommittal.
You were not hungry.

You visited 1 branch You collected 21 gold pieces.

Inventory:

Hand Weapons
 j - a +1 dagger (weapon)
Armour
 a - a +0 robe (worn)
Scrolls
 i - a scroll of blinking
 l - 2 scrolls of immolation {unknown}
 o - a scroll of torment
 p - a scroll of fog
 q - a scroll of remove curse {unknown}
Potions
 d - 3 potions of mutation
 e - a potion of heal wounds
 f - a potion of haste
 g - 2 potions of magic
 h - a potion of berserk rage
 s - a potion of flight {unknown}
Books
 b - a book of Flames

   Spells                             Type                      Level
   a - Flame Tongue                   Conjuration/Fire             1
   b - Throw Flame                    Conjuration/Fire             2
   c - Conjure Flame                  Conjuration/Fire             3
   d - Inner Flame                    Hexes/Fire                   3
   e - Sticky Flame                   Conjuration/Fire             4
   f - Fireball                       Conjuration/Fire             5
 k - a book of Minor Magic

   Spells                             Type                      Level
   a - Magic Dart                     Conjuration                  1
   b - Blink                          Translocation                2
   c - Call Imp                       Summoning                    2
   d - Slow                           Hexes                        2
   e - Conjure Flame                  Conjuration/Fire             3
   f - Mephitic Cloud                 Conjuration/Poison/Air       3
Comestibles
 c - 2 bread rations
 n - a royal jelly
 r - 3 fruits
 t - a chunk of flesh


   Skills:
 + Level 3.0 Fighting
 + Level 0.0 Short Blades
 + Level 3.1 Armour
 + Level 5.3 Dodging
 - Level 2.4 Stealth
 * Level 8.4 Spellcasting
 + Level 4.6 Conjurations
 + Level 5.5 Fire Magic


You had 2 spell levels left.
You knew the following spells:

 Your Spells              Type           Power        Failure   Level  Hunger
a - Flame Tongue          Conj/Fire      ####.        1%          1    None
b - Throw Flame           Conj/Fire      ####..       1%          2    None
c - Conjure Flame         Conj/Fire      ####....     2%          3    None
d - Inner Flame           Hex/Fire       ###.....     10%         3    None
e - Sticky Flame          Conj/Fire      ####....     12%         4    ###....
f - Fireball              Conj/Fire      ####......   28%         5    #####..


Dungeon Overview and Level Annotations

Branches:
Dungeon (1/1)

Altars:
Elyvilon
Kikubaaqudgha
Sif Muna
Vehumet
Zin
The Shining One


Innate Abilities, Weirdness & Mutations

You are partially covered in rugged brown scales. (AC +1, +3% HP)
You are somewhat resistant to further mutation.
Your natural rate of healing is unusually fast.


Message History

Your dagger glows red for a moment.
Wield which item (- for none, * to show all)? (? for menu, Esc to quit)
j - a +1 dagger (weapon)
Things that are here:
a dagger; a robe
There is an open door here.
Adjust (i)tems, (s)pells, or (a)bilities?
Huh?
You close the door.
There is a fountain of clear blue water here.
There is a fountain of clear blue water here.
You start resting.
Magic restored.
As you open the door, it creaks loudly!
Found a glowing silver altar of Zin.
A deep elf mage comes into view.
It is wielding a long sword of holy wrath.
The deep elf mage points at you and mumbles some strange words.
The bolt of cold hits you!
Ouch! That really hurt!
You die...

▓▓▓▓▓▓▓▓ ▓▓▓ .+.....♣
♣.##### .#....♣♣♣
♣♣.#___# ##......♣
♣..#e..#
.#....≈.♣♣♣♣.###@#+###+
.#...≈≈♣♣.♣♣.#..........
.#..≈≈≈≈♣.♣♣.'.⌠........
'#..≈≈≈≈≈≈♣..#...######+
÷#.≈≈≈≈≈≈....#.⌠.#
.#.≈≈≈≈≈.....#...#
.#.≈≈≈.......#+###
##...........#.).#
..%..........#___#


You could see a deep elf mage.

Vanquished Creatures
  A water elemental (D)
  A scorpion (D)
  A wizard (D)
  A human (D)
  A kobold demonologist (D)
  2 oozes (D)
  2 rats (D)
9 creatures vanquished.

Vanquished Creatures (others)
  2 draconian scorchers (D)
  5 hellions (D)
  A yaktaur (D)
  3 plants (D)
11 creatures vanquished.

Grand Total: 20 creatures vanquished

Notes
Turn   | Place    | Note
-------+----------+-------------------------------------------
     0 | D        | Kidiri the Deep Elf Fire Elementalist began the quest for the Orb.
     0 | D        | Reached XP level 1. HP: 10/10 MP: 6/6
     4 | D        | Reached skill level 4 in Spellcasting
    46 | D        | Reached skill level 1 in Armour
    46 | D        | Reached XP level 2. HP: 16/16 MP: 3/9
    50 | D        | Learned a level 2 spell: Throw Flame
    95 | D        | Killed a hellion
   116 | D        | Killed a hellion
   139 | D        | Killed a hellion
   139 | D        | Killed a hellion
   155 | D        | Reached skill level 1 in Fighting
   155 | D        | Reached skill level 5 in Spellcasting
   155 | D        | Reached XP level 3. HP: 16/20 MP: 6/11
   160 | D        | Learned a level 3 spell: Conjure Flame
   164 | D        | Learned a level 3 spell: Inner Flame
   181 | D        | Killed a hellion
   190 | D        | Killed a white draconian scorcher
   223 | D        | Noticed a scorpion
   225 | D        | Killed a white draconian scorcher
   237 | D        | Killed a scorpion
   237 | D        | Reached skill level 6 in Spellcasting
   237 | D        | Reached XP level 4. HP: 26/26 MP: 2/14
   243 | D        | Learned a level 4 spell: Sticky Flame
   270 | D        | Gained mutation: Your system is resistant to poisons. (rPois) [potion of mutation]
   270 | D        | Gained mutation: Your body sometimes deteriorates upon taking damage. [potion of mutation]
   270 | D        | Gained mutation: You possess an exceptional clarity of mind. [potion of mutation]
   271 | D        | Lost mutation: Your body sometimes deteriorates upon taking damage. [potion of mutation]
   271 | D        | Lost mutation: You possess an exceptional clarity of mind. [potion of mutation]
   271 | D        | Lost mutation: Your system is resistant to poisons. (rPois) [potion of mutation]
   271 | D        | Gained mutation: You are partially covered in rugged brown scales. (AC +1, +3% HP) [potion of mutation]
   271 | D        | Gained mutation: You possess an exceptional clarity of mind. [potion of mutation]
   272 | D        | Lost mutation: You possess an exceptional clarity of mind. [potion of mutation]
   272 | D        | Gained mutation: You are somewhat resistant to further mutation. [potion of mutation]
   272 | D        | Gained mutation: Your natural rate of healing is unusually fast. [potion of mutation]
   315 | D        | Noticed a water elemental
   318 | D        | Killed a water elemental
   318 | D        | Reached skill level 7 in Spellcasting
   318 | D        | Reached skill level 5 in Fire Magic
   332 | D        | Killed a yaktaur
   359 | D        | Found a radiant altar of Vehumet.
   360 | D        | Found a deep blue altar of Sif Muna.
   360 | D        | Found an ancient bone altar of Kikubaaqudgha.
   360 | D        | Noticed a wizard
   362 | D        | Killed a wizard
   362 | D        | Reached skill level 5 in Dodging
   362 | D        | Reached skill level 8 in Spellcasting
   362 | D        | Reached XP level 5. HP: 32/32 MP: 11/17
   365 | D        | Became a worshipper of Vehumet
   381 | D        | Learned a level 5 spell: Fireball
   428 | D        | Found a glowing silver altar of Zin.
   429 | D        | Found a glowing golden altar of the Shining One.
   429 | D        | Found a white marble altar of Elyvilon.
   429 | D        | Noticed a deep elf mage
   429 | D        | Killed from afar by a deep elf mage

Vault maps used:
D:        dungeon_sprint_mu

Skill      XL: |  1  2  3  4  5 |
---------------+----------------+-----
Spellcasting   | 4 5 6 8 |  8.4
Armour         | 1 2 3 |  3.1
Dodging        | 3 4 5 |  5.3
Conjurations   | 2 3 4 |  4.6
Fighting       | 1 2 3 |  3.0
Fire Magic     | 4 5 |  5.5
Stealth        | |  2.4

Action                   |  1- 3 |  4- 6 || total
-------------------------+-------+-------++-------
 Cast: Flame Tongue      |    24 |     3 ||    27
       Throw Flame       |     2 |       ||     2
       Conjure Flame     |     1 |     1 ||     2
       Sticky Flame      |       |     2 ||     2
  Use: Potion            |     2 |     3 ||     5
       Scroll            |       |     4 ||     4
Armor: Robe              |     1 |     2 ||     3
Dodge: Dodged            |     7 |     2 ||     9
